Map: Dusk Towers

Players

MuShMaN - Winner!

  • Race: Zerg Zerg
  • League: Diamond

LilDicky

  • Race: Terran Terran
  • League: Diamond

VOD

http://www.twitch.tv/tumescentpie

Description

Time

  • Played on: Jan. 2, 2016, 2:12 p.m.
  • Length: 5:29
Show
View Real Time Build Order
Export as new Build Order

MuShMaN Zerg - Winner!

Build Orders: Pool First, Ravager All-In 

Get SALT Encoding   

  12  0:01  Drone  
  13  0:09  Drone  
  14  0:16  Extractor  
  14  0:18  Drone  
  14  0:22  Extractor  
  14  0:23  Drone  
  14  0:27  Overlord  
  16  0:45  Spawning Pool  
  16  0:46  Drone  
  16  0:52  Drone  
  17  1:14  Hatchery, Drone  
  17  1:18  Drone  
  18  1:21  Drone  
  19  1:35  Roach Warren  
  19  1:39  Queen  
  18  1:43  Extractor  
  18  1:46  Drone  
  20  1:49  Extractor  
  20  1:51  Drone  
  20  1:57  Overlord  
  20  2:08  Drone  
  21  2:18  Overlord  
  21  2:22  Drone  
  22  2:28  Queen  
  24  2:33  Roach  
  26  2:43  Roach x2  
  30  2:47  Roach  
  32  2:53  Roach  
  36  2:58  Roach  
  38  3:05  Roach  
  38  3:09  Roach  
  40  3:17  Roach  
  42  3:20  Roach  
  44  3:27  Overlord  
  44  3:34  Overlord  
  44  3:48  Roach x2  
  48  3:56  Roach  
  48  4:01  Drone x2  
  52  4:03  Drone  
  53  4:17  Ravager x3  
  53  4:18  Ravager  
  53  4:22  Ravager  
  58  4:27  Drone x2, Overlord  
  54  5:02  Roach  
  54  5:03  Roach x3  
Show
View Real Time Build Order
Export as new Build Order

LilDicky Terran 

Build Orders: Command Center First (CC), MMM Bio 

Get SALT Encoding   

  12  0:02  SCV  
  13  0:18  SCV  
  14  0:25  Supply Depot  
  14  0:30  SCV  
  15  0:47  SCV  
  16  0:59  SCV  
  16  1:02  Command Center  
  17  1:15  SCV  
  18  1:18  Barracks  
  18  1:27  SCV  
  19  1:40  SCV  
  20  1:52  SCV  
  21  1:55  Refinery  
  21  2:05  Marine  
  21  2:06  Supply Depot  
  21  2:07  Orbital Command  
  22  2:13  Orbital Command  
  22  2:26  Barracks  
  22  2:27  Barracks  
  22  2:32  Barracks Tech Lab  
  22  2:35  SCV  
  23  2:39  SCV  
  23  2:40  Refinery  
  24  2:47  SCV  
  25  2:52  SCV  
  26  2:59  Marine  
  26  3:00  SCV  
  26  3:04  SCV  
  29  3:10  Stimpack  
  29  3:12  SCV  
  30  3:17  Marine x2  
  30  3:18  Barracks x2  
  30  3:19  Barracks Tech Lab  
  32  3:22  SCV  
  32  3:24  SCV  
  34  3:34  SCV  
  35  3:35  Marine x2  
  35  3:39  Combat Shields  
  35  3:40  Marine  
  38  3:41  SCV  
  38  3:43  Supply Depot  
  39  3:51  SCV  
  39  3:53  Barracks Reactor, Marine  
  41  3:57  Marine  
  41  4:00  SCV  
  41  4:01  Barracks  
  43  4:03  Barracks  
  43  4:08  Barracks Reactor x2  
  43  4:10  SCV  
  43  4:15  SCV  
  47  4:19  Marauder  
  47  4:21  Marauder  
  47  4:22  SCV  
  50  4:26  Supply Depot  
  50  4:27  Supply Depot  
  50  4:29  SCV  
  51  4:32  Marine  
  51  4:33  Supply Depot, Marine  
  53  4:48  Marauder x2  
  53  4:49  Supply Depot  
  53  4:50  Marine x2  
  53  5:01  Marine x3  
Tags
 
Add a new tag
Caveats
  • Supply blocks, unpowered buildings, or Contaminate may cause inaccurate times.
  • Supply counts are checked every 10 seconds.